 Dungeon Crawl Stone Soup version 0.30-a0-458-g86641cc369 (webtiles) character file.

Game seed: 100116138485938847

61 LnG the Caller (level 4, -1/24 HPs)
             Began as a Kobold Summoner on Dec 13, 2022.
             Succumbed to an adder's poison
             ... on level 2 of the Dungeon on Dec 14, 2022.
             The game lasted 00:07:09 (1959 turns).

LnG the Caller (Kobold Summoner)                    Turns: 1959, Time: 00:07:10

Health: -1/24      AC:  2    Str:  2 (5)  XL:     4   Next: 27%
Magic:  4/7        EV: 15    Int: 17 (18) God:
Gold:   109        SH:  0    Dex: 13 (15) Spells: 2/8 levels left

rFire   . . .      SeeInvis .    g - +0 short sword
rCold   . . .      Faith    .    (no shield)
rNeg    . . .      Spirit   .    a - +0 robe
rPois   .          Reflect  .    (no helmet)
rElec   .          Harm     .    (no cloak)
rCorr   .          Rampage  .    (no gloves)
Will    .....                    (no boots)
Stlth   +++.......               (no amulet)
HPRegen 0.24/turn                (no ring)
MPRegen 0.10/turn                (no ring)

@: lethally poisoned (-1 -> -9)
A: small, no large weapons, nightstalker 3
a: no special abilities


You were on level 2 of the Dungeon.
You visited 1 branch of the dungeon, and saw 2 of its levels.

You collected 109 gold pieces.

Inventory:

Hand Weapons
 g - a +0 short sword (weapon)
Armour
 a - a +0 robe (worn)
Scrolls
 d - a scroll of enchant weapon {unknown}
 e - 2 scrolls of vulnerability
 f - a scroll of blinking
 h - a scroll of immolation
Potions
 b - a potion of magic


   Skills:
 + Level 1.5 Short Blades
 * Level 3.0 Dodging
 * Level 3.7 Stealth
 + Level 2.5 Spellcasting
 + Level 4.4 Summonings


You had 2 spell levels left.
You knew the following spells:

 Your Spells              Type           Power      Damage    Failure   Level
a - Summon Small Mammal   Summ           68%        N/A       3%          1
b - Call Imp              Summ           17%        N/A       4%          2
c - Call Canine Familiar  Summ           17%        N/A       9%          3

Your spell library contained the following spells:

 Spells                   Type           Power      Damage    Failure   Level
 Summon Guardian Golem    Hex/Summ       9%         N/A       22%         3
 Summon Lightning Spire   Summ/Air       9%         N/A       58%         4


Dungeon Overview and Level Annotations

Branches:
Dungeon (2/15)

Altars:


Innate Abilities, Weirdness & Mutations

You are small and have problems with some larger weapons.
You are completely attuned to the shadows.


Message History

You feel sick. The adder bites you.
You are more poisoned.
The adder poisons you! The adder misses you.
You miss the adder.
The adder is heavily wounded.
You feel sick. The adder bites you.
It was a potion of degeneration.
There was something very wrong with that liquid.
You feel weakened.
You feel dopey.
You feel clumsy.
* * * LOW HITPOINT WARNING * * *
You feel very sick. The adder misses you.
There is a lethal amount of poison in your body!
You barely miss the adder.
The adder is heavily wounded.
* * * LOW HITPOINT WARNING * * *
You feel sick.
Your hound barely misses the adder.
The adder closely misses you.
Your hound bites the adder.
You miss the adder.
The adder is severely wounded.
* * * LOW HITPOINT WARNING * * *
You feel sick. The adder bites you but does no damage.
Your hound barely misses the adder.
You closely miss the adder.
The adder is severely wounded.
* * * LOW HITPOINT WARNING * * *
You feel sick. The adder bites you.
* * * LOW HITPOINT WARNING * * *
Your hound completely misses the adder.
The adder bites you but does no damage.
Your hound bites the adder.
You miss the adder.
The adder is severely wounded.
* * * LOW HITPOINT WARNING * * *
You feel sick.
Your hound completely misses the adder.
The adder bites you.
* * * LOW HITPOINT WARNING * * *
You are more poisoned.
The adder poisons you!
You hit the adder.
You kill the adder!
You die...

#..#.#######
#.# #.# #.#
#.######
#.####
#......#
#†....
#..######.#
#.#### #..
#.# #.# .#..
#.# ###
...†######.#
#.h@......#
#..##########
#.. .....#
#..
....(########
#..
.....'.......
.....########
.....# .....#
.....##


You could see a friendly hound (summoned).

Vanquished Creatures
  2 adders (D:2)
  A dart slug (D:1)
  2 endoplasms (D:1)
  A goblin (D:1)
  2 hobgoblins
  A frilled lizard (D:1)
  2 kobolds
  2 rats (D:1)
13 creatures vanquished.

Vanquished Creatures (collateral kills)
  A gnoll (D:1)
  An adder (D:2)
  A worm (D:2)
  4 ball pythons (D:1)
  3 endoplasms
  A giant cockroach (D:1)
  A goblin (D:2)
  A hobgoblin (D:1)
  2 bats (D:1)
  2 frilled lizards (D:1)
  2 kobolds
19 creatures vanquished.

Grand Total: 32 creatures vanquished

Notes
Turn   | Place    | Note
-------+----------+-------------------------------------------
     0 | D:1      | LnG the Kobold Summoner began the quest for the Orb.
     0 | D:1      | Reached XP level 1. HP: 10/10 MP: 3/3
    22 | D:1      | Upgraded the game from 0.30-a0-457-g4b7bca3bfa to
                  | 0.30-a0-458-g86641cc369
   124 | D:1      | Reached XP level 2. HP: 15/15 MP: 1/5
   127 | D:1      | Learned a level 2 spell: Call Imp
  1001 | D:1      | Reached XP level 3. HP: 19/19 MP: 6/6
  1009 | D:1      | Learned a level 3 spell: Call Canine Familiar
  1637 | D:2      | Reached skill level 1 in Short Blades
  1678 | D:2      | Reached XP level 4. HP: 20/24 MP: 7/7
  1763 | D:2      | HP: 1/24 [poisoned by an adder]
  1958 | D:2      | HP: 1/24 [adder (1)]
  1959 | D:2      | Succumbed to an adder's poison

Illustrated notes

Levels and vault maps discovered:
D:1:      dreamdust_arrival_sigmund_warning, layout_loops_corners,
          chequers_serial_rivers_small_a
D:2:      layout_basic, grunt_ministairs_7, kennysheep_another_room,
          uniq_sigmund

Skill      XL: |  1  2  3  4 |
---------------+-------------+-----
Stealth        | 3 |  3.7
Short Blades   | 1 |  1.5
Dodging        | 3 |  3.0
Spellcasting   | |  2.5
Summonings     | |  4.4

Action                   |  1- 3 |  4- 6 || total
-------------------------+-------+-------++-------
Melee: Unarmed           |    22 |       ||    22
       Short sword       |    27 |    26 ||    53
 Cast: Summon Small Mamm |     8 |       ||     8
       Call Imp          |     8 |       ||     8
       Call Canine Famil |     4 |     2 ||     6
  Use: Scroll            |     3 |       ||     3
       Potion            |       |     1 ||     1
 Stab: Sleeping          |     8 |     1 ||     9
Armor: Robe              |     9 |     5 ||    14
Dodge: Dodged            |    53 |    27 ||    80

Table legend: (Time is in decaauts)
 A = Elapsed time spent in this place.
 B = Non-inter-level travel time spent in this place.
 C = Inter-level travel time spent in this place.
 D = Time resting spent in this place.
 E = Time spent auto-exploring this place.
 F = Levels seen in this place.
 G = Mean time per level.
                   A        B        C        D        E       F      G
               +--------+--------+--------+--------+--------+-----+--------+
         Total |   1962 |   1867 |     95 |    266 |   1291 |   2 |  981.0 |
       Dungeon |   1962 |   1867 |     95 |    266 |   1291 |   2 |  981.0 |
               +--------+--------+--------+--------+--------+-----+--------+

Top non-repeatable levels by time:
     D:1: 1499 daAuts
     D:2: 462 daAuts
